AoeStats
← Party Cannon

Black Forest

510211707Analyzed
4v4 RM · 3d ago on Sep 30, 2026· 42m 1s· 8 players
Game mode
Random Map
Map size
Large (8 player)
Population
200
Speed
Normal
Resources
Standard
Victory
Conquest
Starting age
Dark Age
Ending age
Imperial Age
RankedLock teamsTeams togetherTeam positionsShared explorationLock speedFull tech treeHidden civsTurbo modeCheats
Victory
Defeat
🇨🇳 Franks · China
1223
+13
🇺🇸 Varangians · United States
1203
+14
🇨🇴 Huns · Colombia
1141
+16
🇺🇸 Berbers · United States
1135
+18
🇺🇸 Japanese · United States
1268
-19
🇦🇷 Franks · Argentina
1167
-16
🇲🇽 Britons · Mexico
1167
-16
🇨🇦 Mongols · Canada
1017
-10
Eduardo
0:28 Loom
12:23 Feudal Age
16:34 Castle Age
15:28 Double-Bit Axe
18:27 Wheelbarrow
29:59 Imperial Age
28:10 Forging
28:01 Scale Mail Armor
28:37 Scale Barding Armor
27:54 Pikeman
28:20 Gambesons
28:36 Squires
29:41 Iron Casting
29:22 Arson
29:31 Gold Mining
30:35 Chain Mail Armor
30:41 Chain Barding Armor
30:43 Masonry
30:23 Halberdier
32:32 Blast Furnace
32:52 Hoardings
34:02 Chemistry
35:25 Plate Mail Armor
36:01 Plate Barding Armor
39:00 Fletching
39:10 Padded Archer Armor
38:32 Crossbowman
trashypanda
11:49 Feudal Age
10:06 Loom
15:57 Castle Age
14:31 Double-Bit Axe
14:27 Horse Collar
16:58 Bow Saw
16:41 Gold Mining
18:52 Heavy Plow
26:19 Wheelbarrow
25:46 Stone Mining
28:08 Hand Cart
27:49 Town Watch
32:35 Imperial Age
30:34 Ballistics
30:48 Fletching
32:33 Bodkin Arrow
32:49 Bloodlines
32:40 Husbandry
32:46 Padded Archer Armor
32:45 Onager
34:35 Chemistry
33:51 Masonry
35:02 Bracer
37:02 Elite Mangudai
39:21 Leather Archer Armor
40:52 Siege Onager
41:20 Light Cavalry
Trailmaker
3:36 Loom
13:24 Feudal Age
13:32 Man-at-Arms
13:58 Arson
14:11 Double-Bit Axe
20:53 Castle Age
19:52 Fletching
20:28 Scale Mail Armor
20:18 Horse Collar
22:08 Gambesons
22:23 Squires
23:18 Long Swordsman
24:44 Bodkin Arrow
27:37 Chain Mail Armor
28:11 Gold Mining
29:32 Wheelbarrow
29:18 Town Watch
30:53 Padded Archer Armor
31:04 Forging
32:11 Masonry
31:41 Treadmill Crane
35:50 Imperial Age
32:56 Pikeman
35:02 Fortified Wall
35:23 Bow Saw
37:03 Plate Mail Armor
38:08 Iron Casting
38:00 Bracer
38:16 Thumb Ring
38:02 Two-Handed Swordsman
40:23 Blast Furnace
41:02 Conscription
41:39 Ballistics
41:11 Guard Tower
IzzyPizzy
7:23 Loom
10:27 Feudal Age
11:18 Double-Bit Axe
15:13 Wheelbarrow
18:09 Castle Age
16:32 Stone Mining
16:41 Gold Mining
18:00 Scale Mail Armor
17:55 Fletching
21:49 Gold Shaft Mining
21:34 Bow Saw
21:38 Scale Barding Armor
24:53 Chain Barding Armor
25:20 Hand Cart
24:50 Town Watch
25:39 Forging
26:07 Bodkin Arrow
27:43 Murder Holes
27:53 Husbandry
28:32 Iron Casting
32:08 Imperial Age
29:35 Gambesons
29:50 Squires
29:35 Arson
29:21 Pikeman
30:02 Scale Mail Armor
30:28 Masonry
30:56 Coinage
30:35 Caravan
32:31 Chain Mail Armor
32:41 Cavalier
34:33 Chemistry
34:05 Architecture
34:02 Ballistics
34:14 Architecture
34:37 Plate Barding Armor
35:14 Blast Furnace
35:10 Plate Mail Armor
36:42 Siege Engineers
Party Cannon
12:23 Feudal Age
12:46 Feudal Age
17:12 Castle Age
16:08 Double-Bit Axe
16:06 Horse Collar
18:20 Bow Saw
24:50 Heavy Plow
27:57 Gold Mining
27:58 Stone Mining
28:04 Stone Mining
28:06 Loom
30:38 Wheelbarrow
30:39 Caravan
34:01 Imperial Age
32:39 Hand Cart
32:16 Town Watch
32:36 Squires
32:21 Arson
33:45 Scale Mail Armor
33:56 Forging
34:12 Elite Varangian Guard
35:11 Chain Mail Armor
34:31 Capped Ram
36:38 Two-Man Saw
36:40 Iron Casting
37:39 Plate Mail Armor
37:53 Conscription
36:54 Gothikon
39:48 Blast Furnace
38:40 Fletching
38:34 Man-at-Arms
39:36 Light Cavalry
41:49 Bloodlines
41:39 Husbandry
42:19 Scale Barding Armor
42:09 Bodkin Arrow
Jum
7:11 Loom
10:10 Feudal Age
10:43 Double-Bit Axe
17:05 Castle Age
15:29 Horse Collar
17:59 Bow Saw
18:04 Heavy Plow
18:14 Caravan
19:34 Wheelbarrow
24:06 Stone Mining
24:09 Gold Mining
25:46 Hand Cart
26:16 Gold Shaft Mining
28:08 Thumb Ring
32:35 Imperial Age
30:24 Kasbah
30:34 Fletching
30:45 Padded Archer Armor
33:29 Bodkin Arrow
33:50 Leather Archer Armor
34:11 Crop Rotation
34:25 Stone Shaft Mining
33:35 Elite Genitour
34:29 Heavy Camel Rider
35:21 Bloodlines
35:11 Husbandry
35:56 Bracer
36:26 Ring Archer Armor
37:22 Ballistics
38:03 Chemistry
38:01 Scale Barding Armor
38:09 Forging
hargir
0:43 Loom
11:55 Feudal Age
15:56 Castle Age
16:51 Double-Bit Axe
18:52 Bow Saw
26:12 Horse Collar
32:24 Imperial Age
31:07 Wheelbarrow
31:46 Fletching
32:32 Gold Mining
33:30 Conscription
32:41 Elite Genitour
33:35 Caravan
34:01 Padded Archer Armor
35:00 Hand Cart
34:32 Town Watch
35:32 Ballistics
35:43 Heavy Plow
37:59 Leather Archer Armor
37:40 Bodkin Arrow
38:16 Forging
39:37 Chemistry
38:40 Light Cavalry
39:33 Bloodlines
39:45 Bracer
40:32 Scale Mail Armor
默默发育
0:46 Loom
12:18 Feudal Age
13:54 Double-Bit Axe
16:32 Castle Age
18:10 Bow Saw
23:29 Wheelbarrow
29:03 Imperial Age
27:28 Gold Mining
27:58 Hand Cart
28:37 Forging
28:33 Scale Barding Armor
28:42 Town Watch
29:05 Onager
29:07 Cavalier
29:49 Husbandry
30:51 Paladin
32:21 Iron Casting
32:06 Chain Barding Armor
33:26 Gold Shaft Mining
34:25 Blast Furnace
35:32 Plate Barding Armor
40:06 Stone Mining
Connection lost

Rejoining the realm…

Still unreachable

The connection could not be restored.

Session expired

The server has moved on; the page needs a fresh start.